 Dungeon Crawl Stone Soup version 0.17-a0-1989-gfb2cd5c (webtiles) character file.

115 Morphine the Slasher (level 5, 0/54 HPs)
             Began as an Octopode Fighter on Oct 7, 2015.
             Slain by Jessica
             ... wielding a +0 club
              (3 damage)
             ... on level 3 of the Dungeon.
             The game lasted 00:09:00 (1532 turns).

Morphine the Slasher (Octopode Fighter)             Turns: 1532, Time: 00:09:00

Health: 0/54       AC:  1    Str: 20      XL:     5   Next: 0%
Magic:  5/5        EV: 13    Int:  7 (10) God:
Gold:   66         SH:  5    Dex: 13      Spells: 0 memorised, 4 levels left

rFire  . . .     SeeInvis .     a - +0 long sword
rCold  . . .     Clarity  .     j - +0 buckler
rNeg   . . .     SustAt   .     (helmet restricted)
rPois  .         Gourm    .     (no amulet)
rElec  .         Spirit   .     (no ring)
rCorr  .         Warding  .     (no ring)
rMut   .         Stasis   .     (no ring)
MR     .....                    (no ring)
Stlth  ..........               (no ring)
                                (no ring)
                                (no ring)
                                (no ring)

@: berserking, very quick, not resistant to hostile enchantments, extremely
unstealthy
A: almost no armour, amphibious, 8 rings, constrict 8, fangs 1, camouflage 1,
gelatinous body 1
a: no special abilities


You were on level 3 of the Dungeon.
You were not hungry.

You visited 1 branch of the dungeon, and saw 3 of its levels.

You collected 66 gold pieces.

Inventory:

Hand Weapons
 a - a +0 long sword (weapon)
 f - a +2 dagger of venom
 q - a +0 short sword of electrocution
 r - a +1 spear of pain
Missiles
 k - 42 stones (quivered)
 m - 28 arrows
 w - 2 javelins
Armour
 b - a +0 shield
 j - a +0 buckler (worn)
Jewellery
 l - an uncursed amulet of faith {unknown}
Scrolls
 e - 3 scrolls of remove curse {unknown}
 h - 2 scrolls of identify {unknown}
 p - a scroll of enchant armour {unknown}
 s - a scroll of amnesia {unknown}
 u - a scroll of recharging {unknown}
 y - a scroll of fear {unknown}
Potions
 c - a potion of might
 g - a potion of ambrosia {unknown}
Comestibles
 d - a bread ration
 o - a slice of pizza
 t - a meat ration
 x - a beef jerky


   Skills:
 - Level 3.0 Fighting
 + Level 3.8 Long Blades
 - Level 3.0 Dodging
 * Level 3.1 Stealth
 + Level 3.6 Shields


You had 4 spell levels left.
You didn't know any spells.

Dungeon Overview and Level Annotations

Branches:
Dungeon (3/15)

Altars:
Dithmenos
Fedhas
Ru
The Shining One

Annotations:
D:3 Jessica; Ordine's ghost, amateur MiGl


Innate Abilities, Weirdness & Mutations

You cannot wear most types of armour.
You are amphibious.
You can wear up to eight rings at the same time.
You can use your tentacles to constrict eight enemies at once.
Your skin changes colour to match your surroundings (Stealth).
Your rubbery body absorbs attacks (AC +1).
You have very sharp teeth.


Message History

You barely resist.
Jessica grins evilly.
Jessica zaps a wand.
The puff of frost hits you!
* * * LOW HITPOINT WARNING * * *
Drink which item? (? for menu, Esc to quit)
It was a potion of degeneration.
There was something very wrong with that liquid.
You feel dopey.
Jessica gestures wildly while chanting.
Jessica seems to speed up.
Drink which item? (? for menu, Esc to quit)
It was a potion of beneficial mutation.
Your teeth lengthen and sharpen.
You feel fantastic!
Drink which item? (? for menu, Esc to quit)
It was a potion of berserk rage.
A red film seems to cover your vision as you go berserk!
You feel yourself moving faster!
You feel mighty! Jessica hits you with a club.
You die...

#)....... ##.####...
# # ...# .#. .#.#
#.# .#.# #.. .#.####
#.# ......# #.#
#.###.# ##@# #.# #.#
#.@# #.# #.# #.)#
.## #.###.##
#..#...## #......#
#####.......#
#####..#
#............# #..#
#.###........#
#..####.# ...#...#.#
#...)...#.#...<....#
#.......#.#.........


You could see Jessica.

Vanquished Creatures
  4 gnolls
  4 adders (D:2)
  A giant gecko (D:2)
  An orc (D:3)
  5 bats
  4 goblins (D:1)
  5 hobgoblins
  6 kobolds (D:2)
  A quokka (D:2)
  2 giant cockroaches (D:1)
  7 giant newts
  4 jackals (D:2)
  6 rats
50 creatures vanquished.

Notes
Turn   | Place    | Note
--------------------------------------------------------------
     0 | D:1      | Morphine the Octopode Fighter began the quest for the Orb.
     0 | D:1      | Reached XP level 1. HP: 16/16 MP: 1/1
   153 | D:1      | Reached XP level 2. HP: 19/21 MP: 2/2
   496 | D:2      | Reached skill level 1 in Stealth
   496 | D:2      | Reached XP level 3. HP: 22/26 MP: 3/3
   796 | D:2      | Found a glowing golden altar of the Shining One.
   884 | D:2      | Found a sacrificial altar of Ru.
  1002 | D:2      | Reached XP level 4. HP: 31/31 MP: 4/4
  1022 | D:2      | Found a blossoming altar of Fedhas.
  1406 | D:3      | Noticed Ordine's ghost (amateur MiGl)
  1416 | D:3      | Found a shadowy altar of Dithmenos.
  1520 | D:3      | Noticed Jessica
  1526 | D:3      | Reached XP level 5. HP: 15/36 MP: 5/5
  1529 | D:3      | HP: 1/36 [Jessica/wand of frost (14)]
  1531 | D:3      | Gained mutation: You have very sharp teeth. [potion of beneficial mutation]
  1532 | D:3      | Slain by Jessica

Vault maps used:
D:1:      dpeg_arrival_erosion
D:2:      old_standard_altar, tso_metal_star, lemuel_round_altar
D:3:      grunt_temple_overflow_open, yredelemnul_altar_generic,
          ecumenical_altar_2, minmay_item_behind_shaft, grunt_dithmenos_smoke,
          uniq_jessica

Action                   |  1- 3 |  4- 6 || total
-------------------------+-------+-------++-------
Melee: Long sword        |    57 |    32 ||    89
Throw: Stone             |     7 |     2 ||     9
  Use: Potion            |       |     3 ||     3
 Stab: Sleeping          |     5 |     5 ||    10
       Distracted        |     1 |       ||     1
  Eat: Chunk             |       |     2 ||     2
